 Dungeon Crawl Stone Soup version 0.31-a0-981-geadf994542 (webtiles) character file.

Game seed: 14757391916137289230

1 Persephone the Trooper (level 1, -1/19 HPs)
             Began as a Hill Orc Fighter on Nov 1, 2023.
             Slain by a goblin
             ... wielding a +0 club
              (2 damage)
             ... on level 1 of the Dungeon.
             The game lasted 00:00:58 (111 turns).

Persephone the Trooper (Hill Orc Fighter)            Turns: 111, Time: 00:00:58

Health: -1/19      AC:  6    Str: 18    XL:     1   Next: 20%
Magic:  1/1        EV:  6    Int:  8    God:
Gold:   4          SH:  4    Dex: 10    Spells: 0/0 levels left

rFire   . . .        a - +0 rapier
rCold   . . .        c - +0 buckler
rNeg    . . .        b - +0 scale mail
rPois   .            (no helmet)
rElec   .            (no cloak)
rCorr   .            (no gloves)
SInv    .            (no boots)
Will    .....        (no amulet) Stlth
                     (no ring)
HPRegen 0.23/turn    (no ring)
MPRegen 0.07/turn

%: no passive effects
@: constricted
A: no striking features
a: no special abilities


You were on level 1 of the Dungeon.
You visited 1 branch of the dungeon, and saw 1 of its levels.

You collected 4 gold pieces.

Inventory:

Hand Weapons
 a - a +0 rapier (weapon)
Armour
 b - a +0 scale mail (worn)
 c - a +0 buckler (worn)
Scrolls
 e - a scroll of amnesia {unknown}
Potions
 d - a potion of might


   Skills:
 - Level 3.6 Fighting
 + Level 2.1 Short Blades
 - Level 3.2 Armour
 - Level 3.2 Shields


You couldn't memorise any spells.
You didn't know any spells.
Your spell library was empty.

Dungeon Overview and Level Annotations

Branches:
Dungeon (1/15)

Altars:


Message History

The hobgoblin completely misses you. The goblin hits you with a +0 club.
The hobgoblin hits you. The ball python barely misses you.
The ball python grabs you. The ball python constricts you.
The goblin hits you with a +0 club. You block the hobgoblin's attack.
The hobgoblin hits you.
The ball python bites you but does no damage.
The ball python constricts you. The goblin hits you with a +0 club.
The hobgoblin barely misses you. x2
The ball python completely misses you. The ball python constricts you.
The goblin hits you but does no damage.
The hobgoblin hits you but does no damage. x2
The quokka bites you but does no damage.
The ball python closely misses you. The ball python constricts you.
The goblin hits you but does no damage.
The hobgoblin hits you but does no damage.
You block the hobgoblin's attack. The ball python bites you.
The ball python constricts you. The quokka bites you.
The hobgoblin barely misses you. The goblin closely misses you.
The hobgoblin hits you.
* * * LOW HITPOINT WARNING * * *
The quokka completely misses you.
The ball python bites you but does no damage.
The ball python constricts you.
* * * LOW HITPOINT WARNING * * *
The quokka bites you.
* * * LOW HITPOINT WARNING * * *
The ball python bites you but does no damage.
The ball python constricts you. The goblin closely misses you.
You block the hobgoblin's attack.
The hobgoblin hits you but does no damage.
The quokka bites you but does no damage.
You block the ball python's attack. The ball python constricts you.
* * * LOW HITPOINT WARNING * * *
The goblin hits you but does no damage. You block the hobgoblin's attack.
The hobgoblin barely misses you.
The quokka bites you but does no damage.
The ball python bites you.
* * * LOW HITPOINT WARNING * * *
The ball python constricts you. The goblin hits you with a +0 club.
You die...

## ##### ...
...#.## ####..
......##.....
...........# ..
.........#?..
##...#..
#.S.g.....#
......#
#.g@g.....#
#...#.####
#.r.#.....#
#...#....#
#.####.####
.#...####.# ##.#
## .#
.#.....#..###.####
..
...(.####.#∩#.###
##
##.....#####.###
.....##..###.###
##..#.###..~~##


You could see a quokka, 2 hobgoblins, a goblin and a ball python.

Vanquished Creatures
  A frilled lizard (D:1)
  A kobold (D:1)
2 creatures vanquished.

Notes
Turn   | Place    | Note
-------+----------+-------------------------------------------
     0 | D:1      | Persephone the Hill Orc Fighter began the quest for the
                  | Orb.
     0 | D:1      | Reached XP level 1. HP: 19/19 MP: 1/1
   111 | D:1      | Slain by a goblin

Illustrated notes

Levels and vault maps discovered:
D:1:      spicycebolla_green_bress_n_ham_2, layout_loops_cross,
          chequers_decorated_corner, minmay_tetromino_i4

Action                     || total
---------------------------++-------
  Melee: Rapier            ||     7
 Armour: Scale mail        ||    29
  Dodge: Dodged            ||    19
  Block: Buckler           ||     6

Table legend: (Time is in decaauts)
 A = Elapsed time spent in this place.
 B = Non-inter-level travel time spent in this place.
 C = Inter-level travel time spent in this place.
 D = Time resting spent in this place.
 E = Time spent auto-exploring this place.
 F = Levels seen in this place.
 G = Mean time per level.
                   A        B        C        D        E       F      G
               +--------+--------+--------+--------+--------+-----+--------+
         Total |    112 |    112 |      0 |      0 |     84 |   1 |  112.0 |
       Dungeon |    112 |    112 |      0 |      0 |     84 |   1 |  112.0 |
               +--------+--------+--------+--------+--------+-----+--------+

Top non-repeatable levels by time:
     D:1: 112 daAuts
